 Dungeon Crawl Stone Soup version 0.30.0-18-gc0e69614cb (webtiles) character file.

Game seed: 11472755277428312117

258 Hades the Sneak (level 5, -3/39 HPs)
             Began as a Demonspawn Brigand on May 23, 2023.
             Was an Initiate of Yredelemnul.
             Slain by a gnoll
             ... wielding a +0 scythe
              (7 damage)
             ... on level 4 of the Dungeon on May 24, 2023.
             The game lasted 00:22:52 (3903 turns).

Hades the Sneak (Demonspawn Brigand)                Turns: 3903, Time: 00:22:52

Health: -3/39      AC: 11    Str: 13    XL:     5   Next: 94%
Magic:  8/8        EV:  8    Int: 13    God:    Yredelemnul [......]
Gold:   99         SH:  0    Dex: 14    Spells: 8/8 levels left

rFire   . . .        q - +2 dagger (drain)
rCold   . . .        (no shield)
rNeg    . . .        n - +0 plate armour
rPois   .            (no helmet)
rElec   .            c - +0 cloak
rCorr   .            (no gloves)
SInv    .            (no boots)
Will    .....        (no amulet) Stlth
                     o - +5 ring of evasion
HPRegen 0.26/turn    (no ring)
MPRegen 0.11/turn

%: no passive effects
@: no status effects
A: claws 2, demonic guardian 1, foul stench 1
a: Renounce Religion, Recall Undead Harvest


You were on level 4 of the Dungeon.
You worshipped Yredelemnul.
Yredelemnul was noncommittal.
You visited 1 branch of the dungeon, and saw 4 of its levels.

You collected 99 gold pieces.

Inventory:

Hand Weapons
 a - a +2 dagger
 q - a +2 dagger of draining (weapon)
 s - a +0 rapier
Missiles
 d - 14 poisoned darts (quivered)
 e - 3 curare-tipped darts
 y - a throwing net
Armour
 b - a +0 robe
 c - a +0 cloak (worn)
 h - an orb of mayhem
 n - a +0 plate armour (worn)
 t - a +0 leather armour
Jewellery
 k - a ring of resist corrosion
 m - a ring of resist corrosion
 o - a +5 ring of evasion (left claw)
 p - an amulet of reflection
Wands
 w - a wand of iceblast (10)
Scrolls
 j - a scroll of identify
 l - a scroll of magic mapping {unknown}
 v - 2 scrolls of teleportation
Potions
 f - a potion of invisibility {unknown}
 g - a potion of might {unknown}
 i - a potion of attraction {unknown}
 r - a potion of degeneration {unknown}
 u - a potion of heal wounds {unknown}
 x - 2 potions of brilliance {unknown}


   Skills:
 + Level 2.7 Fighting
 + Level 3.0 Short Blades
 + Level 1.7 Throwing
 + Level 1.2 Armour
 + Level 1.7 Dodging
 + Level 4.8 Stealth
 * Level 2.1 Spellcasting


You had 8 spell levels left.
You didn't know any spells.
Your spell library was empty.

Dungeon Overview and Level Annotations

Branches:
Dungeon (4/15)
 Temple: D:4-7

Altars:
Nemelex Xobeh
Uskayaw
Yredelemnul

Annotations:
D:4 2 runed translucent doors, hattop's ghost, novice DjTm


Innate Abilities, Weirdness & Mutations

You have very sharp fingernails.
A weak demonic guardian rushes to your aid.
You may rarely emit foul miasma when damaged in melee.


Message History

The gnoll is lightly wounded.
The gnoll hits you with a +0 scythe. The gnoll hits you but does no damage.
You barely miss the gnoll.
The gnoll is lightly wounded.
The gnoll hits you but does no damage. x2
You hit the gnoll. You drain the gnoll.
The gnoll is heavily wounded.
The gnoll hits you with a +0 scythe.
The gnoll hits you from afar with a +0 scythe.
You barely miss the gnoll.
The gnoll is heavily wounded.
The gnoll closely misses you.
The gnoll hits you from afar with a +0 scythe.
You hit the gnoll.
The gnoll is almost dead.
The gnoll closely misses you. x2
You hit the gnoll. You drain the gnoll.
You kill the gnoll!
The dead are walking!
The gnoll hits you from afar with a +0 scythe!
A demonic guardian appears!
Things that are here:
a +0 scythe; a +0 robe The gnoll hits you but does no damage. x2; The gnoll closely misses you.
You barely miss the gnoll.
The gnoll hits you from afar with a +0 scythe.
* * * LOW HITPOINT WARNING * * *
The gnoll closely misses you. The gnoll hits you but does no damage.
You hit the gnoll but do no damage. You drain the gnoll.
The gnoll is lightly wounded.
The gnoll barely misses you.
The gnoll hits you from afar with a +0 scythe.
* * * LOW HITPOINT WARNING * * *
A demonic guardian appears!
You barely miss the gnoll.
The gnoll is lightly wounded.
The gnoll hits you but does no damage. The gnoll closely misses you.
The gnoll hits you with a +0 scythe!
You die...
Your body rises from the dead as a mindless zombie.

#..♣♣♣Z..♣♣♣.....>...#....†..
#....................#...†...
###.#####........###.#)......
#........##...## #....._..Z
##.....######..# ###......†
#..####...#..# #..†.... ###
.gg#..# #....... ##Z##..#
####.### #g@.#..## ....#.
#5).#...# #..#.#. ##5...###
### .## ##...# # #...## #
#.$.## #..## ##. #.


You could see 3 gnolls, a friendly iron imp (summoned), a friendly ufetubus
(summoned) and a friendly gnoll zombie.

Vanquished Creatures
  A scorpion (D:4)
  A hound (D:4)
  4 gnolls
  6 adders
  A worm (D:3)
  A dart slug (D:1)
  2 orcs (D:4)
  9 endoplasms
  4 giant cockroaches
  3 goblins
  3 hobgoblins (D:1)
  10 jackals
  2 quokkas
  4 ball pythons
  7 bats
  A frilled lizard (D:1)
  6 kobolds
  3 rats
68 creatures vanquished.

Vanquished Creatures (collateral kills)
  A ball python (D:2)
  A hobgoblin (D:2)
  A bat (D:3)
  A frilled lizard (D:3)
  A goblin (D:3)
5 creatures vanquished.

Vanquished Creatures (others)
  A bat zombie (D:2)
  A giant cockroach zombie (D:3)
2 creatures vanquished.

Grand Total: 75 creatures vanquished

Notes
Turn   | Place    | Note
-------+----------+-------------------------------------------
     0 | D:1      | Hades the Demonspawn Brigand began the quest for the Orb.
     0 | D:1      | Reached XP level 1. HP: 16/16 MP: 1/1
   172 | D:1      | Reached skill level 4 in Stealth
   172 | D:1      | Gained mutation: You may rarely emit foul miasma when
                  | damaged in melee. [demonic ancestry]
   172 | D:1      | Reached XP level 2. HP: 14/22 MP: 2/2
   438 | D:1      | Reached skill level 1 in Dodging
   548 | D:1      | Gained mutation: You have sharp fingernails. [demonic
                  | ancestry]
   548 | D:1      | Reached XP level 3. HP: 27/27 MP: 4/4
   725 | D:1      | Reached skill level 1 in Spellcasting
  1608 | D:2      | Found a faded altar of an unknown god.
  1649 | D:2      | Prayed at the altar of an unknown god.
  1649 | D:2      | Became a worshipper of Yredelemnul the Dark
  1649 | D:2      | Reached * piety under Yredelemnul
  1943 | D:2      | Gained mutation: A weak demonic guardian rushes to your
                  | aid. [demonic ancestry]
  1943 | D:2      | Reached XP level 4. HP: 33/33 MP: 5/5
  2424 | D:3      | Found a basalt altar of Yredelemnul.
  2866 | D:3      | Gained mutation: You have very sharp fingernails. [demonic
                  | ancestry]
  2866 | D:3      | Reached XP level 5. HP: 39/39 MP: 7/7
  3537 | D:4      | Found a large runed translucent door.
  3538 | D:4      | Found a large runed translucent door.
  3541 | D:4      | Noticed hattop's ghost (novice DjTm)
  3687 | D:4      | Found a hide-covered altar of Uskayaw.
  3739 | D:4      | Reached skill level 1 in Armour
  3794 | D:4      | Found a sparkling altar of Nemelex Xobeh.
  3903 | D:4      | Slain by a gnoll

Illustrated notes

Levels and vault maps discovered:
D:1:      lightli_arrival_chessboard, layout_basic, hex_large
D:2:      layout_basic, dreamdust_ecumenical_altar_hidden_monk_grotto
D:3:      layout_basic, general_overflow_altar
D:4:      layout_layer_cave, nicolae_uskayaw_murder_on_the_dancefloor,
          nzn_wu_jian_contemplation, kennysheep_mini,
          ebering_ghost_disaster_area, minmay_stone_trees_medium, sigmund_army

Skill      XL: |  1  2  3  4  5 |
---------------+----------------+-----
Stealth        | 4 |  4.8
Dodging        | 1 |  1.7
Short Blades   | 2 3 |  3.0
Spellcasting   | 1 2 |  2.1
Armour         | 1 |  1.2
Fighting       | |  2.7
Throwing       | |  1.7

Action                     |  1- 3 |  4- 6 || total
---------------------------+-------+-------++-------
  Melee: Dagger            |   150 |   104 ||   254
         Punch             |     3 |       ||     3
 Invoke: Recall Undead Har |       |     2 ||     2
    Use: Scroll            |       |     6 ||     6
   Stab: Sleeping          |     8 |       ||     8
         Distracted        |       |     2 ||     2
 Armour: Robe              |    42 |       ||    42
         Plate armour      |     2 |    64 ||    66
  Dodge: Dodged            |    75 |    54 ||   129
